 Dungeon Crawl Stone Soup version 0.19.0-11-g3fc08b3 (webtiles) character file.

32 Malachi the Caller (level 3, -2/24 HPs)
             Began as a Demonspawn Summoner on Nov 10, 2016.
             Slain by an adder (4 damage)
             ... on level 1 of the Dungeon.
             The game lasted 00:02:42 (2136 turns).

Malachi the Caller (Demonspawn Summoner)            Turns: 2136, Time: 00:02:43

Health: -2/24      AC:  2    Str:  8    XL:     3   Next: 8%
Magic:  1/6        EV: 12    Int: 17    God:
Gold:   62         SH:  0    Dex: 15    Spells: 1 memorised, 4 levels left

rFire  . . .     SeeInvis .     e - +0 dagger
rCold  . . .     Gourm    .     a - +0 robe
rNeg   . . .     Faith    .     (no shield)
rPois  .         Spirit   .     (no helmet)
rElec  .         Reflect  .     (no cloak)
rCorr  .         Harm     .     (no gloves)
MR     .....                    (no boots)
Stlth  ++........               (no amulet)
                                (no ring)
                                (no ring)

@: lethally poisoned (-2 -> -12), very slightly contaminated
A: thin skeletal structure 1
a: no special abilities


You were on level 1 of the Dungeon.
You were not hungry.

You visited 1 branch of the dungeon, and saw 2 of its levels.

You collected 62 gold pieces.

Inventory:

Hand Weapons
 e - a +0 dagger (weapon)
 f - a +0 short sword
Armour
 a - a +0 robe (worn)
Scrolls
 h - a scroll of remove curse
Books
 b - a book of Callings

   Spells                             Type                      Level
   a - Summon Small Mammal            Summoning                    1
   b - Call Imp                       Summoning                    2
   c - Call Canine Familiar           Summoning                    3
   d - Summon Guardian Golem          Hexes/Summoning              3
   e - Summon Lightning Spire         Summoning/Air                4
   f - Summon Ice Beast               Ice/Summoning                4


   Skills:
 - Level 1.7 Dodging
 - Level 1.7 Stealth
 * Level 2.4 Spellcasting
 * Level 4.7 Summonings


You had 4 spell levels left.
You knew the following spells:

 Your Spells              Type           Power        Failure   Level  Hunger
a - Call Imp              Summ           ###.....     4%          2    ##.....


Dungeon Overview and Level Annotations

Branches:
Dungeon (2/15)

Altars:


Innate Abilities, Weirdness & Mutations

You have a somewhat thin skeletal structure. (Dex +2, Stealth)


Message History

The adder poisons you!
Casting: Call Imp
Confirm with . or Enter, or press ? or * to list all spells.
You miscast Call Imp.
You are very lightly contaminated with residual magic.
A fistful of eyes flickers past your view.
The adder closely misses you.
Unknown command.
* * * LOW HITPOINT WARNING * * *
You feel sick.
Casting: Call Imp
Confirm with . or Enter, or press ? or * to list all spells.
You don't have enough magic to cast that spell.
Unknown command.
It was a potion of cure mutation.
It has a very clean taste.
The adder bites you.
* * * LOW HITPOINT WARNING * * *
You are more poisoned.
The adder poisons you! The adder bites you.
You die...

.#####.#..#.######..#.#
#.#.
†.....................#
#.#.
######.....>.......##.#
#.#. ####.######..###.#
#... #.# #.## #.# ####
#)# #g# #.# #.# #r# #.# #
#.# #S# #.# # #.# #@# #.#
# #.######.####.# #####
#.............## ####....
###########....###...####
##.#.###.####§≈≈
##..#.##.## #≈≈.
#.#.#.##.# #...
#.#.#.#.#########
#.#.#.#.#..#.....


You could see an adder, a goblin and a rat.

Vanquished Creatures
  A dart slug (D:1)
  A giant cockroach (D:1)
  3 goblins (D:1)
  A jackal (D:1)
  2 kobolds (D:1)
  5 bats (D:1)
  A rat (D:1)
14 creatures vanquished.

Vanquished Creatures (collateral kills)
  An ooze (D:1)
  A dart slug (D:1)
  2 bats (D:1)
  3 goblins (D:1)
  2 hobgoblins (D:1)
  2 jackals (D:1)
  2 kobolds (D:1)
  A frilled lizard (D:1)
  2 rats (D:1)
16 creatures vanquished.

Grand Total: 30 creatures vanquished

Notes
Turn   | Place    | Note
-------+----------+-------------------------------------------
     0 | D:1      | Malachi the Demonspawn Summoner began the quest for the Orb.
     0 | D:1      | Reached XP level 1. HP: 13/13 MP: 3/3
   253 | D:1      | Gained mutation: You have a somewhat thin skeletal structure. (Dex +2, Stealth) [demonic ancestry]
   253 | D:1      | Reached XP level 2. HP: 17/19 MP: 0/5
  1488 | D:1      | Learned a level 2 spell: Call Imp
  1918 | D:1      | Reached XP level 3. HP: 24/24 MP: 1/6
  2136 | D:1      | Slain by an adder

Action                   || total
-------------------------++-------
Melee: Unarmed           ||    13
       Dagger            ||    81
 Cast: Summon Small Mamm ||    25
       Call Imp          ||     7
  Use: Scroll            ||     3
       Potion            ||     2
 Stab: Sleeping          ||     4
       Distracted        ||     1
  Eat: Bread ration      ||     1
Armor: Robe              ||    21
Dodge: Dodged            ||    62
